 Dungeon Crawl Stone Soup version 0.31-a0-1522-g43313d8a59 (console) character file.

Game seed: 16883284164280722792

18435 jejorda2 the Cleaver (level 12, -11/97 HPs)
             Began as a Gnoll Berserker on Dec 30, 2023.
             Was a High Priest of Trog.
             Mangled by a komodo dragon (21 damage)
             ... on level 1 of the Lair of Beasts.
             The game lasted 00:39:29 (13535 turns).

jejorda2 the Cleaver (Gnoll Berserker)             Turns: 13535, Time: 00:39:30

Health: -11/97     AC: 20    Str: 24    XL:     12   Next: 58%
Magic:  23/23      EV: 10    Int:  7    God:    Trog [*****.]
Gold:   705        SH:  6    Dex: 12    Spells: 26/26 levels left

rFire   . . .        b - +1 demon whip (venom)
rCold   . . .        D - +0 buckler
rNeg    . . .        x - +0 plate armour
rPois   +            B - +0 helmet
rElec   .            t - +1 cloak
rCorr   .            I - +1 pair of gloves {Str+3}
SInv    .            (no boots)
Will    +++..        f - amulet of the acrobat Stlth
                     l - ring of willpower
HPRegen 1.36/turn    A - ring of poison resistance
MPRegen 0.18/turn

%: acrobat
@: strong-willed, regenerating, studying Axes
A: fangs 1, strong nose, distributed training
a: Renounce Religion, Berserk, Trog's Hand, Brothers in Arms


You were on level 1 of the Lair of Beasts.
You worshipped Trog.
Trog was extremely pleased with you.
You visited 2 branches of the dungeon, and saw 12 of its levels.
You also visited: Sewer and Bailey.

You collected 1015 gold pieces.
You spent 310 gold pieces at shops.

Inventory:

Hand Weapons
 a - a +0 war axe
 b - a +1 demon whip of venom (weapon)
 w - a +0 demon trident of flaming
 C - the +11 long sword "Lecups" {venom, rC+}
   (You found it on level 3 of the Dungeon)

   rC+:       It protects you from cold.
Missiles
 g - 10 javelins (quivered)
 i - 12 boomerangs
 p - 13 poisoned darts
 y - a throwing net
Armour
 t - a +1 cloak (worn)
 x - a +0 plate armour (worn)
 B - a +0 helmet (worn)
 D - a +0 buckler (worn)
 I - a +1 pair of gloves of strength (worn)
Jewellery
 f - an amulet of the acrobat (around neck)
 l - a ring of willpower (left hand)
 z - a ring of flight
 A - a ring of poison resistance (right hand)
Wands
 c - a wand of polymorph (2)
 r - a wand of roots (13)
 s - a wand of mindburst (12)
Scrolls
 j - a scroll of silence
 k - 5 scrolls of blinking
 m - 4 scrolls of teleportation
 F - 2 scrolls of revelation
Potions
 d - a potion of mutation
 e - 3 potions of cancellation
 h - 2 potions of attraction {unknown}
 n - 2 potions of might
 o - 2 potions of haste
 q - 4 potions of enlightenment
 u - a potion of heal wounds
 v - 13 potions of curing
 G - a potion of invisibility


   Skills:
 + Level 10.2 Fighting
 + Level 7.7 Short Blades
 + Level 7.7 Long Blades
 + Level 12.0 Axes
 + Level 7.7 Maces & Flails
 + Level 7.7 Polearms
 + Level 7.7 Staves
 + Level 7.7 Ranged Weapons
 + Level 7.7 Throwing
 + Level 9.0 Armour
 + Level 9.0 Dodging
 + Level 7.7 Stealth
 + Level 7.7 Shields
 + Level 7.7 Unarmed Combat
 + Level 7.7 Spellcasting
 + Level 6.4 Conjurations
 + Level 6.4 Hexes
 + Level 6.4 Summonings
 + Level 6.4 Necromancy
 + Level 6.4 Translocations
 + Level 6.4 Fire Magic
 + Level 6.4 Ice Magic
 + Level 6.4 Air Magic
 + Level 6.4 Earth Magic
 + Level 6.4 Alchemy
 + Level 8.4 Invocations
 + Level 7.7 Evocations
 + Level 7.0 Shapeshifting


You had 26 spell levels left.
You didn't know any spells.
Your spell library was empty.

Dungeon Overview and Level Annotations

Branches:
Dungeon (11/15)            Temple (0/1) D:4            Lair (1/5) D:11
    Orc (0/2) D:10          Sewer (visited)          Bailey (visited)

Altars:
Cheibriados
Elyvilon
Nemelex Xobeh
Ru
Sif Muna
Trog
Uskayaw
Vehumet
Xom
Yredelemnul

Shops:
D:5 ?*   D:6 !   D:9 *

Portals:
Trove: D:10 (give +6 demon whip)

Annotations:
D:5 3 runed translucent doors, Meatzguy123's ghost, weakling HuDe
D:11 1 runed translucent door, exclusion: door, jlumianski's ghost, journeyman GnSh


Innate Abilities, Weirdness & Mutations

You have very sharp teeth.
Your uncanny sense of smell can sniff out nearby items.
Your experience applies equally to all skills.


Message History

The blink frog is moderately wounded.
The blink frog hits you but does no damage.
You whack the blink frog!
The blink frog is poisoned.
The blink frog is severely wounded.
The blink frog hits you!
You are too injured to fight recklessly!
You are too injured to fight recklessly!
You are too injured to fight recklessly!
You are too injured to fight recklessly!
You are too injured to fight recklessly!
You whack the blink frog!
You kill the blink frog!
Trog accepts your kill. The wyvern barely misses you.
A komodo dragon comes into view.
The wyvern completely misses you.
You see here a blink frog corpse.
Unknown command.
You barely miss the wyvern. Your bite misses the wyvern. The wyvern bites you.
You whack the wyvern!
The wyvern is poisoned.
The wyvern is heavily wounded.
The wyvern barely misses you.
Your skin crawls.
You feel strong-willed. The wyvern bites you! x2
* * * LOW HITPOINT WARNING * * *
You whack the wyvern!
You kill the wyvern!
Trog accepts your kill.
You whack the komodo dragon!
The komodo dragon looks as sick as possible!
Your bite misses the komodo dragon.
The komodo dragon is moderately wounded.
The komodo dragon bites you!!
* * * LOW HITPOINT WARNING * * *
You thrash the komodo dragon!!
You bite the komodo dragon, but do no damage.
The komodo dragon is severely wounded.
The komodo dragon bites you!!
You die...

.8..# #..........#
............## #..........#
....8.......###..........#
......#.....#.<..........
#........8........>.....#
#..8...#................#
#.....##................#
#..†..##.........÷......~ ..
#.....##@.#+#...........P ...
##..+##l#....#...........
#..#....#..................~
##P.#.††...###...............
........#P.#§≈≈P.............
........##.#§≈≈.............♣
............#§≈≈.............#
..##..#.....#≈§§#............#
. #.###....#≈≈§#............#


You could see a komodo dragon (extremely poisoned).

Vanquished Creatures
  4 two-headed ogres
  2 tengu warriors (D:8)
  Urug (D:11)
  Amaemon (Lair:1)
  An orc knight (Bailey)
  2 cyclopes
  5 elephants (Lair:1)
  3 cane toads (Lair:1)
  An orange demon (Lair:1)
  Maggie (D:8)
  2 unseen horrors
  A komodo dragon (Lair:1)
  Psyche (D:8)
  2 tengu conjurers (D:9)
  Prince Ribbit (D:8)
  A blink frog (Lair:1)
  A shadow (D:9)
  A slime creature (D:8)
  2 wyverns (Lair:1)
  A wraith (D:11)
  A human (D:6)
  7 yaks
  3 steam dragons
  Grum (D:10)
  3 vampire mosquitoes
  5 water moccasins
  3 acid dragons
  An ice beast (D:6)
  6 orc warriors
  2 sky beasts (D:8)
  3 wolves (D:10)
  A kobold brigand (D:10)
  5 bullfrogs
  2 gnoll sergeants
  A scorpion (D:6)
  10 wights
  7 killer bees
  An electric eel (Lair:1)
  3 howler monkeys (D:10)
  2 hounds
  4 orc priests
  3 bombardier beetles
  10 jellies
  A sleepcap (D:4)
  8 orc wizards
  Robin (D:4)
  A mummy (D:10)
  31 gnolls
  12 adders
  3 white imps
  A dart slug (D:2)
  A ribbon worm (D:3)
  38 orcs
  13 ball pythons
  3 bats (D:1)
  23 endoplasms
  14 giant cockroaches
  23 goblins
  12 hobgoblins
  11 jackals
  7 kobolds
  20 quokkas
  8 frilled lizards
  6 rats
355 creatures vanquished.

Vanquished Creatures (others)
  A shadow imp (D:8)
1 creature vanquished.

Grand Total: 356 creatures vanquished

Notes
Turn   | Place    | Note
-------+----------+-------------------------------------------
     0 | D:1      | jejorda2 the Gnoll Berserker began the quest for the Orb.
     0 | D:1      | Reached XP level 1. HP: 23/23 MP: 1/1
    73 | D:1      | Reached XP level 2. HP: 29/29 MP: 2/2
   109 | D:1      | Found a large runed translucent door.
   109 | D:1      | Found a large runed translucent door.
   322 | D:1      | Reached XP level 3. HP: 35/35 MP: 3/3
   598 | D:1      | Reached skill level 1 in Invocations
   893 | D:2      | Found a shimmering altar of Xom.
  1077 | D:2      | Reached ** piety under Trog
  1290 | D:2      | Reached skill level 1 in Short Blades
  1290 | D:2      | Reached skill level 1 in Long Blades
  1290 | D:2      | Reached skill level 1 in Maces & Flails
  1290 | D:2      | Reached skill level 1 in Polearms
  1290 | D:2      | Reached skill level 1 in Staves
  1290 | D:2      | Reached skill level 1 in Ranged Weapons
  1290 | D:2      | Reached skill level 1 in Throwing
  1290 | D:2      | Reached skill level 1 in Stealth
  1290 | D:2      | Reached skill level 1 in Shields
  1290 | D:2      | Reached skill level 1 in Unarmed Combat
  1290 | D:2      | Reached skill level 1 in Spellcasting
  1290 | D:2      | Reached skill level 1 in Evocations
  1354 | D:2      | Reached skill level 1 in Shapeshifting
  1354 | D:2      | Reached XP level 4. HP: 41/41 MP: 5/5
  1654 | D:3      | Reached skill level 1 in Conjurations
  1654 | D:3      | Reached skill level 1 in Hexes
  1654 | D:3      | Reached skill level 1 in Summonings
  1654 | D:3      | Reached skill level 1 in Necromancy
  1654 | D:3      | Reached skill level 1 in Translocations
  1654 | D:3      | Reached skill level 1 in Fire Magic
  1654 | D:3      | Reached skill level 1 in Ice Magic
  1654 | D:3      | Reached skill level 1 in Air Magic
  1654 | D:3      | Reached skill level 1 in Earth Magic
  1654 | D:3      | Reached skill level 1 in Alchemy
  1772 | D:3      | Reached XP level 5. HP: 47/47 MP: 5/7
  1934 | D:3      | You fall into a shaft and drop 3 floors!
  1982 | D:6      | Reached XP level 6. HP: 49/53 MP: 8/8
  2138 | D:6      | Reached skill level 5 in Armour
  2138 | D:6      | Reached skill level 5 in Dodging
  2314 | D:6      | Noticed an ice beast
  2322 | D:6      | Killed an ice beast
  2451 | D:6      | Found Reghoimy's Distillery.
  2458 | D:6      | Bought a potion of curing for 42 gold pieces
  2458 | D:6      | Bought a potion of heal wounds for 70 gold pieces
  2581 | D:6      | Reached skill level 7 in Axes
  2581 | D:6      | Reached XP level 7. HP: 35/60 MP: 10/10
  2940 | D:6      | Found a runed translucent door.
  2940 | D:6      | Noticed a human
  2945 | D:6      | Found a basalt altar of Yredelemnul.
  2953 | D:6      | Killed a human
  3093 | D:5      | Entered Level 5 of the Dungeon
  3115 | D:5      | Noticed Meatzguy123's ghost (weakling HuDe)
  3115 | D:5      | Found a runed translucent gate.
  3115 | D:5      | Found a runed translucent gate.
  3115 | D:5      | Found a runed translucent gate.
  3178 | D:5      | Found a glowing drain.
  3189 | Sewer    | Entered a sewer
  3231 | Sewer    | Reached *** piety under Trog
  3589 | Sewer    | Found the +9 staff of Olgreb {rPois∞}
  3602 | Sewer    | Reached **** piety under Trog
  3772 | D:5      | Reached XP level 8. HP: 67/67 MP: 12/12
  3841 | D:5      | Found Adghumun's Assorted Antiques.
  3864 | D:5      | Bought a scroll labelled SAXUXT QEIM for 20 gold pieces
  3864 | D:5      | Bought a sapphire potion for 18 gold pieces
  3864 | D:5      | Bought a scroll labelled APLE APPIMAVAA for 20 gold pieces
  4587 | D:5      | Found The Oracle's Delphic Readings.
  4824 | D:4      | Noticed Robin
  4836 | D:4      | Killed Robin
  4904 | D:4      | Found a sparkling altar of Nemelex Xobeh.
  4959 | D:4      | Found a staircase to the Ecumenical Temple.
  5534 | D:3      | Identified the +11 long sword "Lecups" {venom, rC+}
  6150 | D:1      | Reached ***** piety under Trog
  6777 | D:7      | Reached XP level 9. HP: 52/73 MP: 13/15
  6942 | D:7      | Found a radiant altar of Vehumet.
  6942 | D:7      | Found a white marble altar of Elyvilon.
  6943 | D:7      | Found a sacrificial altar of Ru.
  7274 | D:7      | Found a shimmering blue altar of Sif Muna.
  7427 | D:7      | Identified a scroll of acquirement
  7427 | D:7      | Acquired a manual of Axes
  7656 | D:6      | Bought a potion of haste for 140 gold pieces
  7775 | D:8      | Found a hide-covered altar of Uskayaw.
  7796 | D:8      | Reached skill level 8 in Axes
  8018 | D:8      | Noticed a tengu warrior
  8018 | D:8      | Noticed Maggie
  8032 | D:8      | Reached skill level 5 in Invocations
  8041 | D:8      | Killed a tengu warrior
  8043 | D:8      | Killed Maggie
  8044 | D:8      | Reached skill level 5 in Short Blades
  8044 | D:8      | Reached skill level 5 in Long Blades
  8044 | D:8      | Reached skill level 5 in Maces & Flails
  8044 | D:8      | Reached skill level 5 in Polearms
  8044 | D:8      | Reached skill level 5 in Staves
  8044 | D:8      | Reached skill level 5 in Ranged Weapons
  8044 | D:8      | Reached skill level 5 in Throwing
  8044 | D:8      | Reached skill level 5 in Stealth
  8044 | D:8      | Reached skill level 5 in Shields
  8044 | D:8      | Reached skill level 5 in Unarmed Combat
  8044 | D:8      | Reached skill level 5 in Spellcasting
  8044 | D:8      | Reached skill level 5 in Evocations
  8044 | D:8      | Reached XP level 10. HP: 69/81 MP: 15/17
  8049 | D:8      | Reached skill level 9 in Axes
  8376 | D:8      | Noticed Prince Ribbit
  8383 | D:8      | Killed Prince Ribbit
  8544 | D:8      | Found a bloodstained altar of Trog.
  8588 | D:8      | Noticed a tengu warrior
  8600 | D:8      | Killed a tengu warrior
  8756 | D:8      | Reached skill level 5 in Shapeshifting
  9215 | D:8      | Noticed Psyche
  9222 | D:8      | Killed Psyche
  9414 | D:9      | Found Ysuqes's Elemental Accessories.
  9526 | D:9      | Noticed a two-headed ogre
  9535 | D:9      | Reached skill level 10 in Axes
  9537 | D:9      | Killed a two-headed ogre
  9538 | D:9      | Reached skill level 5 in Conjurations
  9538 | D:9      | Reached skill level 5 in Hexes
  9538 | D:9      | Reached skill level 5 in Summonings
  9538 | D:9      | Reached skill level 5 in Necromancy
  9538 | D:9      | Reached skill level 5 in Translocations
  9538 | D:9      | Reached skill level 5 in Fire Magic
  9538 | D:9      | Reached skill level 5 in Ice Magic
  9538 | D:9      | Reached skill level 5 in Air Magic
  9538 | D:9      | Reached skill level 5 in Earth Magic
  9538 | D:9      | Reached skill level 5 in Alchemy
  9538 | D:9      | Reached XP level 11. HP: 89/89 MP: 18/20
 10480 | D:10     | Entered Level 10 of the Dungeon
 10481 | D:10     | Noticed Grum
 10504 | D:10     | Noticed a two-headed ogre
 10519 | D:10     | Killed a two-headed ogre
 10527 | D:10     | Killed Grum
 10536 | D:10     | Found a flagged portal.
 10584 | Bailey   | Entered a bailey
 10737 | Bailey   | Noticed an orc knight
 10900 | Bailey   | Killed an orc knight
 11250 | D:10     | Noticed a two-headed ogre
 11264 | D:10     | Killed a two-headed ogre
 11353 | D:10     | Found a snail-covered altar of Cheibriados.
 11430 | D:10     | Found a portal to a secret trove of treasure.
 11534 | D:10     | Found a staircase to the Orcish Mines.
 11689 | D:10     | Noticed a cyclops
 11697 | D:10     | Killed a cyclops
 11698 | D:10     | Reached skill level 11 in Axes
 12073 | D:11     | Noticed Urug
 12081 | D:11     | Noticed a cyclops
 12090 | D:11     | Killed Urug
 12093 | D:11     | Killed a cyclops
 12187 | D:11     | Noticed a two-headed ogre
 12203 | D:10     | Killed a two-headed ogre
 12204 | D:10     | Reached XP level 12. HP: 43/97 MP: 22/22
 12378 | D:11     | Found a runed translucent door.
 12380 | D:11     | Noticed jlumianski's ghost (journeyman GnSh)
 12450 | D:11     | Found a staircase to the Lair.
 12680 | Lair:1   | Entered Level 1 of the Lair of Beasts
 12699 | Lair:1   | Noticed Amaemon
 12789 | Lair:1   | Killed Amaemon
 13367 | Lair:1   | Reached skill level 10 in Fighting
 13519 | Lair:1   | Reached skill level 12 in Axes
 13535 | Lair:1   | Mangled by a komodo dragon

Illustrated notes

Levels and vault maps discovered:
D:1:      erik_arrival_cave_to_civilisation [erik_arrival_cave_to_temple],
          layout_basic
D:2:      layout_loops_ring, serial_glass, glass_columns_b, glass_columns_a,
          basic_altar
D:3:      layout_loops_ring, grunt_ministairs_9, minmay_checkerbox
D:4:      layout_gridville, mainiacjoe_overflow_brackets,
          minmay_temple_entry_tees, uniq_robin
D:5:      layout_layer_cave, gup_sewer_entry_pipe, serial_shops, shop,
          gammafunk_ghost_necromancy, nicolae_nh_oracle_at_delphi
D:6:      layout_loops_corners, dk_yredelemnul_ordeal, serial_shops,
          shop_fountains
D:7:      layout_loops_corners, nicolae_overflow_quartered_altars
D:8:      lemuel_slime, layout_loops_ring, amcnicky_altar_gilded,
          mainiacjoe_overflow_alcove_2, serial_glass, glass_columns_a,
          glass_columns_a, minmay_chambers_of_fives, uniq_maggie, uniq_psyche,
          uniq_prince_ribbit1
D:9:      layout_basic, nicolae_elemental_shop
D:10:     layout_basic, slow_altar_1, orc_0_dummy, enter_trove_3,
          enter_bailey_5, uniq_grum
D:11:     layout_rooms, lair_entry_dummy, ebering_ghost_inner_flame,
          serial_bayou_pond_d, uniq_urug
Lair:1:   layout_gridlike, serial_bayou_shore_a, serial_bayou_shore_b,
          grunt_megastairs_3, uniq_amaemon

Skill      XL: |  1  2  3  4  5  6  7  8  9 10 11 12 |
---------------+-------------------------------------+-----
Invocations    | 1 2 3 4 5 6 7 8 |  8.4
Short Blades   | 1 2 3 4 5 6 7 |  7.7
Long Blades    | 1 2 3 4 5 6 7 |  7.7
Maces & Flails | 1 2 3 4 5 6 7 |  7.7
Polearms       | 1 2 3 4 5 6 7 |  7.7
Staves         | 1 2 3 4 5 6 7 |  7.7
Ranged Weapons | 1 2 3 4 5 6 7 |  7.7
Throwing       | 1 2 3 4 5 6 7 |  7.7
Stealth        | 1 2 3 4 5 6 7 |  7.7
Shields        | 1 2 3 4 5 6 7 |  7.7
Unarmed Combat | 1 2 3 4 5 6 7 |  7.7
Spellcasting   | 1 2 3 4 5 6 7 |  7.7
Evocations     | 1 2 3 4 5 6 7 |  7.7
Shapeshifting  | 1 2 3 4 5 6 7 |  7.0
Conjurations   | 1 2 3 4 5 6 |  6.4
Hexes          | 1 2 3 4 5 6 |  6.4
Summonings     | 1 2 3 4 5 6 |  6.4
Necromancy     | 1 2 3 4 5 6 |  6.4
Translocations | 1 2 3 4 5 6 |  6.4
Fire Magic     | 1 2 3 4 5 6 |  6.4
Ice Magic      | 1 2 3 4 5 6 |  6.4
Air Magic      | 1 2 3 4 5 6 |  6.4
Earth Magic    | 1 2 3 4 5 6 |  6.4
Alchemy        | 1 2 3 4 5 6 |  6.4
Armour         | 5 6 7 8 9 |  9.0
Dodging        | 5 6 7 8 9 |  9.0
Fighting       | 7 8 9 10 | 10.2
Axes           | 7 8 10 11 12 | 12.0

Action                     |  1- 3 |  4- 6 |  7- 9 | 10-12 || total
---------------------------+-------+-------+-------+-------++-------
  Melee: Hand axe          |   119 |    91 |    87 |       ||   297
         Bite              |    14 |    18 |    44 |    58 ||   134
         Morningstar       |       |       |   207 |       ||   207
         Punch             |       |       |    12 |     4 ||    16
         Long sword        |       |       |   122 |   390 ||   512
         Flail             |       |       |    27 |       ||    27
         War axe           |       |       |       |    40 ||    40
         Demon whip        |       |       |       |    57 ||    57
  Throw: Dart              |       |     6 |       |       ||     6
         Javelin           |       |       |       |     3 ||     3
 Invoke: Berserk           |     1 |     1 |     4 |    12 ||    18
         Trog's Hand       |       |       |     3 |     8 ||    11
  Evoke: Wand              |       |       |       |     1 ||     1
    Use: Scroll            |       |       |    18 |     6 ||    24
 Armour: Chain mail        |    78 |    50 |   392 |       ||   520
         Plate armour      |       |       |    48 |   420 ||   468
  Dodge: Dodged            |    56 |    35 |   376 |   260 ||   727
         Repelled          |       |     1 |       |       ||     1
  Block: Buckler           |       |       |       |   115 ||   115

Table legend: (Time is in decaauts)
 A = Elapsed time spent in this place.
 B = Non-inter-level travel time spent in this place.
 C = Inter-level travel time spent in this place.
 D = Time resting spent in this place.
 E = Time spent auto-exploring this place.
 F = Levels seen in this place.
 G = Mean time per level.
                   A        B        C        D        E       F      G
               +--------+--------+--------+--------+--------+-----+--------+
         Total |  13893 |  13110 |    783 |   1173 |   9160 |  14 |  992.4 |
       Dungeon |  12257 |  11476 |    781 |    915 |   8470 |  11 | 1114.3 |
          Lair |    386 |    384 |      2 |     37 |    210 |   1 |  386.0 |
         Sewer |    604 |    604 |      0 |      0 |    248 |   1 |  604.0 |
        Bailey |    644 |    644 |      0 |    221 |    231 |   1 |  644.0 |
               +--------+--------+--------+--------+--------+-----+--------+

Top non-repeatable levels by time:
     D:8: 1537 daAuts
     D:7: 1443 daAuts
     D:5: 1300 daAuts
     D:6: 1273 daAuts
     D:1: 1202 daAuts
    D:10: 1180 daAuts
     D:9: 1092 daAuts
    D:11: 906 daAuts
     D:3: 905 daAuts
     D:4: 725 daAuts
     D:2: 691 daAuts
  Bailey: 644 daAuts
   Sewer: 604 daAuts
  Lair:1: 386 daAuts
